 Dungeon Crawl Stone Soup version 0.21-a0-243-g597973d (webtiles) character file.

400 tidbits the Skirmisher (level 6, 0/57 HPs)
             Began as a Demigod Wanderer on Sept 4, 2017.
             Succumbed to a scorpion's poison
             ... on level 4 of the Dungeon.
             The game lasted 00:10:16 (1614 turns).

tidbits the Skirmisher (Demigod Wanderer)           Turns: 1614, Time: 00:10:17

Health: 0/57       AC: 10    Str: 17    XL:     6   Next: 28%
Magic:  9/9        EV: 11    Int: 16    God:
Gold:   178        SH:  0    Dex: 19    Spells: 5/5 levels left

rFire    . . .     SeeInvis .   a - +1 whip (curse)
rCold    . . .     Gourm    .   (no shield)
rNeg     . . .     Faith    .   B - +2 scale mail
rPois    .         Spirit   .   E - +0 helmet
rElec    .         Reflect  .   (no cloak)
rCorr    .         Harm     .   (no gloves)
MR       .....                  (no boots)
Stlth    +.........             n - amulet of inaccuracy (curse)
HPRegen  0.19/turn              (no ring)
MPRegen  0.11/turn              (no ring)

@: lethally poisoned (0 -> -14)
A: repulsion field 1, thin skeletal structure 1, high mp 1
a: no special abilities


You were on level 4 of the Dungeon.
You were not hungry.

You visited 1 branch of the dungeon, and saw 4 of its levels.

You collected 178 gold pieces.

Inventory:

Hand Weapons
 a - a cursed +1 whip (weapon)
 m - a +0 hand axe
 o - a +0 hunting sling
 r - a +0 hunting sling
 s - a +2 short sword of speed
   (You took it off a kobold on level 2 of the Dungeon)
Missiles
 e - 22 poisoned needles
 j - 12 sling bullets
 l - 46 arrows
 t - 10 stones (quivered)
Armour
 B - a +2 scale mail (worn)
 E - a +0 helmet (worn)
Jewellery
 n - a cursed amulet of inaccuracy (around neck)
   (You found it on level 3 of the Dungeon)
Scrolls
 k - a scroll of teleportation
Potions
 b - 3 potions of curing
 f - a potion of magic
 i - a potion of haste
Comestibles
 c - a royal jelly
 d - a bread ration
 g - a meat ration
 h - 2 fruits


   Skills:
 + Level 6.3 Fighting
 - Level 1.2(1.4) Axes
 - Level 1.0(1.2) Maces & Flails
 - Level 1.1 Throwing
 - Level 3.6 Armour
   Level 1.0 Evocations


You had 5 spell levels left.
You didn't know any spells.

Dungeon Overview and Level Annotations

Branches:
Dungeon (4/15)
 Temple: D:4-7


Innate Abilities, Weirdness & Mutations

You have an increased reservoir of magic. (+10% MP)
You are surrounded by a mild repulsion field. (EV +2)
You have a somewhat thin skeletal structure. (Dex +2, Stealth)


Message History

Found a dagger.
There is a stone staircase leading down here.
You climb downwards.
You hear the hiss of flowing sand.
There is an entrance to an ossuary on this level.
Hurry and find it before the portal is buried!
The hiss of flowing sand is almost imperceptible now.
The walls and floor vibrate strangely for a moment.
A scorpion comes into view.
Found a bread ration.
There is a stone staircase leading up here.
It was a potion of heal wounds.
You feel much better.
You hit the scorpion but do no damage.
The scorpion stings you but does no damage.
You closely miss the scorpion. The scorpion stings you.
You hit the scorpion but do no damage. The scorpion closely misses you.
You completely miss the scorpion. The scorpion closely misses you. x2
You closely miss the scorpion.
The scorpion stings you but does no damage.
You hit the scorpion.
The scorpion is lightly wounded.
The scorpion barely misses you.
You miss the scorpion.
The scorpion is lightly wounded.
The scorpion stings you.
You are poisoned.
The scorpion poisons you!
You hit the scorpion.
The scorpion is moderately wounded.
You feel sick. The scorpion stings you.
You are more poisoned.
The scorpion poisons you!
You barely miss the scorpion.
The scorpion is moderately wounded.
You feel sick.
The scorpion stings you but does no damage.
You closely miss the scorpion.
The scorpion is moderately wounded.
You feel sick. The scorpion stings you!
You hit the scorpion but do no damage.
The scorpion is moderately wounded.
You feel sick. The scorpion barely misses you.
You miss the scorpion.
The scorpion is moderately wounded.
You feel sick. The scorpion barely misses you.
You hit the scorpion.
The scorpion is moderately wounded.
You feel sick. The scorpion stings you!
* * * LOW HITPOINT WARNING * * *
You are more poisoned.
The scorpion poisons you!
You barely miss the scorpion.
The scorpion is moderately wounded.
You feel sick. The scorpion stings you.
* * * LOW HITPOINT WARNING * * *
You are lethally poisoned!
The scorpion poisons you!
You hit the scorpion.
The scorpion is heavily wounded.
* * * LOW HITPOINT WARNING * * *
You feel very sick. The scorpion stings you.
* * * LOW HITPOINT WARNING * * *
You closely miss the scorpion.
The scorpion is heavily wounded.
* * * LOW HITPOINT WARNING * * *
You feel sick.
The scorpion stings you but does no damage.
You hit the scorpion.
The scorpion is severely wounded.
* * * LOW HITPOINT WARNING * * *
You feel very sick. The scorpion closely misses you.
The dart slug launches a dart at you. The slug dart misses you.
The slug dart hits the scorpion.
You hit the scorpion but do no damage.
The scorpion is severely wounded.
* * * LOW HITPOINT WARNING * * *
You feel sick. The scorpion barely misses you.
You hit the scorpion.
The scorpion is severely wounded.
* * * LOW HITPOINT WARNING * * *
You feel sick. The scorpion barely misses you.
You closely miss the scorpion.
The scorpion is severely wounded.
* * * LOW HITPOINT WARNING * * *
You feel sick. The scorpion stings you.
* * * LOW HITPOINT WARNING * * *
You closely miss the scorpion.
The scorpion is severely wounded.
* * * LOW HITPOINT WARNING * * *
You feel sick. The scorpion stings you.
* * * LOW HITPOINT WARNING * * *
You miss the scorpion.
The scorpion is severely wounded.
* * * LOW HITPOINT WARNING * * *
You feel sick.
The scorpion stings you but does no damage.
You hit the scorpion but do no damage.
The scorpion is severely wounded.
You die...

. .. ... ###.#..
.......
##w......
..######<.......
......s@.....###
.#...........#
#...........#
##.....%....#
#..........#
#..........#
#..........#
#...........


You could see a scorpion and a dart slug.

Vanquished Creatures
  Grinder (D:3)
  The ghost of tof the Caller, a weakling MfSu (D:3)
  An orc wizard (D:3)
  Robin (D:2)
  3 adders
  2 worms (D:2)
  4 dart slugs
  3 leopard geckos
  3 orcs (D:3)
  2 ball pythons (D:3)
  A giant cockroach (D:1)
  20 goblins
  4 hobgoblins
  5 jackals (D:1)
  6 bats
  6 frilled lizards
  6 kobolds
  6 rats
75 creatures vanquished.

Notes
Turn   | Place    | Note
-------+----------+-------------------------------------------
     0 | D:1      | tidbits the Demigod Wanderer began the quest for the Orb.
     0 | D:1      | tidbits set off with: a +2 scale mail, a potion of curing, a +0 hand axe, a bread ration
     0 | D:1      | Reached XP level 1. HP: 17/17 MP: 3/3
   107 | D:1      | Reached skill level 2 in Fighting
   118 | D:1      | Reached XP level 2. HP: 7/24 MP: 5/5
   534 | D:2      | Reached skill level 3 in Fighting
   534 | D:2      | Reached XP level 3. HP: 19/31 MP: 6/6
   788 | D:3      | Noticed tof's ghost (weakling MfSu)
   812 | D:3      | Killed tof's ghost
   812 | D:3      | Reached skill level 4 in Fighting
   812 | D:3      | Reached XP level 4. HP: 28/40 MP: 7/7
   856 | D:3      | Found a shadowy altar of Dithmenos.
   945 | D:3      | Noticed Grinder
   952 | D:3      | Gained mutation: You have a somewhat thin skeletal structure. (Dex +2, Stealth) [potion of mutation]
   952 | D:3      | Gained mutation: You are surrounded by a mild repulsion field. (EV +2) [potion of mutation]
  1001 | D:3      | Killed Grinder
  1001 | D:3      | Reached skill level 5 in Fighting
  1001 | D:3      | Reached XP level 5. HP: 35/50 MP: 8/8
  1001 | D:3      | Reached XP level 6. HP: 39/57 MP: 9/9
  1081 | D:3      | Reached skill level 6 in Fighting
  1177 | D:2      | Noticed Robin
  1247 | D:2      | Killed Robin
  1448 | D:2      | Found a shimmering altar of Xom.
  1449 | D:2      | Found a shadowy altar of Dithmenos.
  1451 | D:2      | Found a burning altar of Makhleb.
  1612 | D:4      | HP: 3/57 [scorpion (4)]
  1614 | D:4      | Succumbed to a scorpion's poison

Vault maps used:
D:1:      mrwooster_arrival_statue_3
D:2:      minitemple, hangedman_decor_push, uniq_robin
D:3:      nicolae_dithmenos_shadow_blocks, uniq_grinder
D:4:      kennysheep_slugbush, kennysheep_little_box, minmay_temple_entry_mist,
          lightli_ossuary_entry_decrepit_ruins, first_bread

Skill      XL: |  1  2  3  4  5  6 |
---------------+-------------------+-----
Fighting       | 2 3 4 5 6 |  6.3
Axes           | |  1.2
Maces & Flails | |  1.0
Throwing       | |  1.1
Armour         | |  3.6
Evocations     | |  1.0

Action                   |  1- 3 |  4- 6 || total
-------------------------+-------+-------++-------
Melee: Hand axe          |    61 |       ||    61
       Whip              |   133 |   236 ||   369
Throw: Stone             |       |     9 ||     9
  Use: Scroll            |     6 |       ||     6
       Potion            |     4 |     5 ||     9
  Eat: Chunk             |       |     3 ||     3
Armor: Scale mail        |   100 |    69 ||   169
       Skin              |       |    14 ||    14
Dodge: Dodged            |    90 |    79 ||   169

Table legend:
 A = Spawn XP
 B = Non-spawn XP
 C = Spawn XP percentage of total XP
 D = Spawn monster count
 E = Non-spawn monster count
 F = Spawn count percentage of total count
 G = Total turns spent on level
                    A         B        C        D         E        F      G
               +---------+---------+-------+---------+---------+-------+---------
         Total |      11 |     561 |   1.9 |       5 |      70 |   6.7 |  1614
               +---------+---------+-------+---------+---------+-------+---------
           D:1 |       2 |      37 |   5.1 |       1 |      21 |   4.5 |   406
           D:2 |       8 |      83 |   8.8 |       3 |      28 |   9.7 |   701
           D:3 |       1 |     441 |   0.2 |       1 |      21 |   4.5 |   479
               +---------+---------+-------+---------+---------+-------+---------

Table legend:
 A = Turns spent in this place as a percentage of turns spent in the entire game.
 B = Non-inter-level travel turns spent in this place as a percentage of non-inter-level travel turns spent in the entire game.
 C = Inter-level travel turns spent in this place as a percentage of turns spent in this place.
 D = Turns resting spent in this place as a percentage of non-inter-level travel turns spent in this place.
 E = Turns spent auto-exploring this place as a percentage of non-inter-level travel turns spent in this place.
 F = Non-inter-level travel turns spent in this place divided by the number of levels of this place that you've seen.
                   A       B       C       D       E      F
               +-------+-------+-------+-------+-------+----------------------
         Total | 100.0 | 100.0 |   2.4 |   0.5 |   0.0 | 393.8
       Dungeon | 100.0 | 100.0 |   2.4 |   0.5 |   0.0 | 393.8
               +-------+-------+-------+-------+-------+----------------------

Table legend:
 A = Kills in this place as a percentage of kills in entire the game.
 B = Kills by you in this place as a percentage of kills by you in the entire game.
 C = Kills by friends in this place as a percentage of kills by friends in the entire game.
 D = Other kills in this place as a percentage of other kills in the entire game.
 E = Experience gained in this place as a percentage of experience gained in the entire game.
 F = Experience gained in this place divided by the number of levels of this place that you have seen.
                   A       B       C       D       E      F
               +-------+-------+-------+-------+-------+----------------------
         Total | 100.0 | 100.0 |   N/A |   N/A | 100.0 | 143.0
       Dungeon | 100.0 | 100.0 |   N/A |   N/A | 100.0 | 143.0
               +-------+-------+-------+-------+-------+----------------------

Vault maps used:
D:1:      mrwooster_arrival_statue_3
D:2:      minitemple, hangedman_decor_push, uniq_robin
D:3:      nicolae_dithmenos_shadow_blocks, uniq_grinder
D:4:      kennysheep_slugbush, kennysheep_little_box, minmay_temple_entry_mist,
          lightli_ossuary_entry_decrepit_ruins, first_bread
